 Dungeon Crawl Stone Soup version 0.30-a0-540-g0af01429fa (webtiles) character file.

Game seed: 8030332223300345051

273 Newt the Shooter (level 6, -5/35 HPs)
             Began as a Kobold Hunter on Dec 25, 2022.
             Slain by a gnoll
             ... wielding a +0 spear
             ... led by a gnoll bouda
              (10 damage)
             ... on level 3 of the Dungeon.
             The game lasted 00:01:43 (1821 turns).

Newt the Shooter (Kobold Hunter)                    Turns: 1821, Time: 00:01:44

Health: -5/35      AC:  3    Str:  9    XL:     6   Next: 48%
Magic:  15/15      EV: 14    Int: 10    God:
Gold:   190        SH:  0    Dex: 20    Spells: 5/5 levels left

rFire   + . .      SeeInvis .    j - +8 mace "Killer Klown's Curse" {flame, rF+}
rCold   . . .      Faith    .    (no shield)
rNeg    . . .      Spirit   .    c - +0 leather armour
rPois   .          Reflect  .    (no helmet)
rElec   .          Harm     .    (no cloak)
rCorr   .          Rampage  .    (no gloves)
Will    .....                    (no boots)
Stlth   +++                      g - amulet of regeneration
HPRegen 1.05/turn                e - ring of magical power
MPRegen 0.14/turn                (no ring)

@: no status effects
A: small, no large weapons, nightstalker 3
a: no special abilities


You were on level 3 of the Dungeon.
You visited 1 branch of the dungeon, and saw 3 of its levels.

You collected 190 gold pieces.

Inventory:

Hand Weapons
 a - a +0 shortbow
 j - the +8 mace "Killer Klown's Curse" (weapon) {flame, rF+}
   (You took it off a hobgoblin on level 2 of the Dungeon)

   It burns those it strikes, dealing additional fire damage.
   rF:        It protects you from fire.
Missiles
 h - 4 silver javelins
Armour
 c - a +0 leather armour (worn)
Jewellery
 e - a ring of magical power (left hand)
 g - an amulet of regeneration (around neck)
Scrolls
 b - a scroll of immolation
 d - a scroll of identify
 i - a scroll of blinking
 k - a scroll of teleportation
 m - a scroll of vulnerability {unknown}
Potions
 f - a potion of attraction
 l - a potion of degeneration {unknown}
 n - a potion of cancellation {unknown}
 o - a potion of brilliance {unknown}


   Skills:
 - Level 2.1 Fighting
 + Level 4.4 Maces & Flails
 - Level 6.9 Ranged Weapons
 - Level 2.4 Dodging
 - Level 1.3 Stealth


You had 5 spell levels left.
You didn't know any spells.
Your spell library contained the following spells:

 Spells                   Type           Power      Damage    Failure   Level
 Sandblast                Erth           0%         2d4       47%         1
 Passwall                 Tmut/Erth      0%         N/A       63%         2
 Stone Arrow              Conj/Erth      0%         3d7       85%         3
 Animate Armour           Summ/Erth      0%         N/A       99%         4
 Petrify                  Tmut/Erth      0%         N/A       99%         4
 Metabolic Englaciation   Hex/Ice        0%         N/A       100%        5
 Statue Form              Tmut/Erth      0%         N/A       100%        6
 Lehudib's Crystal Spear  Conj/Erth      0%         10d2      100%        8


Dungeon Overview and Level Annotations

Branches:
Dungeon (3/15)

Altars:

Shops:
D:2 (


Innate Abilities, Weirdness & Mutations

You are small and have problems with some larger weapons.
You are completely attuned to the shadows.


Message History

The gnoll barely misses you.
The gnoll bouda moves out of view.
A gnoll comes into view. It is wielding a +0 spear.
You sock the gnoll! You burn the gnoll.
The gnoll is severely wounded.
The gnoll closely misses you.
You thump the gnoll! You burn the gnoll.
You kill the gnoll!
A gnoll comes into view. It is wielding a +0 flail.
You hit the gnoll but do no damage. The gnoll misses you.
The gnoll hits you from afar with a +0 spear.
You sock the gnoll! You burn the gnoll.
The gnoll is almost dead.
The gnoll hits you with a +0 club.
The gnoll hits you from afar with a +0 spear.
The gnoll closely misses you. The gnoll attacks as you move away!
The gnoll misses you. The gnoll closely misses you.
The gnoll attacks as you move away! The gnoll hits you with a +0 club.
You hit the gnoll. You burn the gnoll.
The gnoll is lightly wounded.
You closely miss the gnoll.
The gnoll is severely wounded.
The gnoll closely misses you. x2; The gnoll misses you.
You hit the gnoll. You burn the gnoll.
You kill the gnoll!
The gnoll hits you from afar with a +0 spear.
The gnoll barely misses you. The gnoll hits you with a +0 flail.
You sock the gnoll! You burn the gnoll.
The gnoll is almost dead.
The gnoll hits you with a +0 flail.
You barely miss the gnoll.
The gnoll is almost dead.
The gnoll closely misses you. The gnoll hits you with a +0 flail! x2
* * * LOW HITPOINT WARNING * * *
The gnoll barely misses you.
You closely miss the gnoll.
The gnoll is almost dead.
The gnoll hits you from afar with a +0 spear!
You die...

#......
#.####.
#)####..
#....... ..
#..###.. ..#
#......<
#.##
##g#####
#.#### #g#
#..... #@# .
##<#### #.#
#.###.## #.#
#...##
####.#
###'##
#....#
##...##
#.####
##.....##
#.##.#
##.†.....##
######.#...
#.........##
............
+.........'.


You could see 2 gnolls.

Vanquished Creatures
  Sigmund (D:2)
  An iguana (D:3)
  2 gnolls (D:3)
  3 adders
  A worm (D:2)
  A dart slug (D:2)
  A ball python (D:2)
  2 bats (D:1)
  4 endoplasms
  2 giant cockroaches
  3 goblins
  2 hobgoblins
  7 jackals
  A quokka (D:1)
  3 frilled lizards (D:1)
  3 kobolds
  A rat (D:1)
38 creatures vanquished.

Notes
Turn   | Place    | Note
-------+----------+-------------------------------------------
     0 | D:1      | Newt the Kobold Hunter began the quest for the Orb.
     0 | D:1      | Reached XP level 1. HP: 12/12 MP: 1/1
    27 | D:1      | Reached XP level 2. HP: 11/17 MP: 2/2
   313 | D:1      | Reached skill level 6 in Ranged Weapons
  1108 | D:1      | Reached XP level 3. HP: 21/21 MP: 3/3
  1302 | D:2      | Identified the +8 mace "Killer Klown's Curse" {flame, rF+}
  1306 | D:2      | Found Gerphe's Weapon Boutique.
  1384 | D:2      | Noticed Sigmund
  1391 | D:2      | Killed Sigmund
  1392 | D:2      | Reached XP level 4. HP: 26/26 MP: 4/4
  1392 | D:2      | Reached XP level 5. HP: 30/30 MP: 5/5
  1392 | D:2      | Reached XP level 6. HP: 35/35 MP: 6/6
  1821 | D:3      | Slain by a gnoll

Illustrated notes

Levels and vault maps discovered:
D:1:      lightli_arrival_boilingwater, layout_basic, dreamdust_wishing_well
D:2:      layout_rooms, serial_shops, shop, uniq_sigmund
D:3:      layout_loops_corners, st_stairs_11, nicolae_grassy_gnolls

Skill      XL: |  1  2  3  4  5  6 |
---------------+-------------------+-----
Ranged Weapons | 6 |  6.9
Maces & Flails | 3 4 |  4.4
Fighting       | |  2.1
Dodging        | |  2.4
Stealth        | |  1.3

Action                   |  1- 3 |  4- 6 || total
-------------------------+-------+-------++-------
Melee: Mace              |     6 |    32 ||    38
       Shortbow          |     1 |       ||     1
 Fire: Shortbow          |    59 |       ||    59
  Use: Scroll            |     3 |       ||     3
       Potion            |     1 |       ||     1
 Stab: Sleeping          |       |     1 ||     1
Armor: Leather armour    |     8 |     4 ||    12
Dodge: Dodged            |    39 |    28 ||    67

Table legend: (Time is in decaauts)
 A = Elapsed time spent in this place.
 B = Non-inter-level travel time spent in this place.
 C = Inter-level travel time spent in this place.
 D = Time resting spent in this place.
 E = Time spent auto-exploring this place.
 F = Levels seen in this place.
 G = Mean time per level.
                   A        B        C        D        E       F      G
               +--------+--------+--------+--------+--------+-----+--------+
         Total |   1854 |   1814 |     40 |    127 |   1450 |   3 |  618.0 |
       Dungeon |   1854 |   1814 |     40 |    127 |   1450 |   3 |  618.0 |
               +--------+--------+--------+--------+--------+-----+--------+

Top non-repeatable levels by time:
     D:1: 1239 daAuts
     D:2: 438 daAuts
     D:3: 175 daAuts
